 Dungeon Crawl Stone Soup version 0.30-a0-777-ga9a30cbeda (webtiles) character file.

Game seed: 8811308581338824027

142 BRD the Trooper (level 5, 0/47 HPs)
             Began as a Minotaur Fighter on Feb 14, 2023.
             Slain by an orc wizard
             ... wielding a +1 dagger of venom
              (1 damage)
             ... on level 4 of the Dungeon.
             The game lasted 00:02:56 (2038 turns).

BRD the Trooper (Minotaur Fighter)                  Turns: 2038, Time: 00:02:57

Health: 0/47       AC:  8    Str: 22    XL:     5   Next: 3%
Magic:  4/4        EV:  9    Int:  5    God:
Gold:   159        SH:  0    Dex: 10    Spells: 4/4 levels left

rFire   . . .      SeeInvis .    a - +0 flail
rCold   . . .      Faith    .    c - +0 buckler
rNeg    . . .      Spirit   .    e - +0 scale mail
rPois   .          Reflect  .    g - +0 hat
rElec   .          Harm     .    (no cloak)
rCorr   .          Rampage  .    p - +0 pair of gloves
Will    .....                    (no boots) Stlth
                                 (no amulet)
HPRegen 0.27/turn                (no ring)
MPRegen 0.09/turn                (no ring)

@: confused, lethally poisoned (0 -> -5)
A: horns 2, retaliatory headbutt
a: no special abilities


You were on level 4 of the Dungeon.
You visited 1 branch of the dungeon, and saw 4 of its levels.

You collected 159 gold pieces.

Inventory:

Hand Weapons
 a - a +0 flail (weapon)
Missiles
 h - 2 throwing nets (quivered)
Armour
 c - a +0 buckler (worn)
 e - a +0 scale mail (worn)
 g - a +0 hat (worn)
 p - a +0 pair of gloves (worn)
Jewellery
 l - a ring of positive energy
Wands
 u - a wand of digging (3)
Scrolls
 b - 2 scrolls of amnesia {unknown}
 j - 3 scrolls of enchant armour {unknown}
 k - 5 scrolls of identify {unknown}
 n - a scroll of poison {unknown}
 q - a scroll of acquirement {unknown}
 r - 3 scrolls of enchant weapon {unknown}
 s - a scroll of fear {unknown}
 v - a scroll of magic mapping {unknown}
 w - a scroll of teleportation {unknown}
 y - a scroll of vulnerability {unknown}
Potions
 d - a potion of might
 f - 2 potions of curing {unknown}
 i - a potion of degeneration {unknown}
 m - a potion of brilliance {unknown}
 o - 2 potions of haste {unknown}
 t - a potion of mutation {unknown}
 x - a potion of ambrosia {unknown}


   Skills:
 + Level 4.6 Fighting
 + Level 3.8 Maces & Flails
 + Level 4.6 Armour
 + Level 4.6 Shields


You had 4 spell levels left.
You didn't know any spells.
Your spell library contained the following spells:

 Spells                   Type           Power      Damage    Failure   Level
 Blink                    Tloc           0%         N/A       95%         2
 Lesser Beckoning         Tloc           0%         N/A       95%         2
 Momentum Strike          Conj/Tloc      0%         3d8       95%         2
 Call Canine Familiar     Summ           0%         N/A       99%         3
 Hailstorm                Conj/Ice       0%         3d3       99%         3
 Portal Projectile        Hex/Tloc       0%         N/A       99%         3
 Ice Form                 Ice/Tmut       0%         N/A       100%        4
 Leda's Liquefaction      Hex/Erth       0%         N/A       100%        4
 Simulacrum               Ice/Necr       0%         N/A       100%        6


Dungeon Overview and Level Annotations

Branches:
Dungeon (4/15)
 Temple: D:4-7

Altars:
Yredelemnul

Shops:
D:3 =?


Innate Abilities, Weirdness & Mutations

You have a pair of horns on your head.
You reflexively headbutt those who attack you in melee.


Message History

Unknown command.
The orc attacks as you move away! The orc hits you with a +0 club.
You feel sick.
You feel sick.
You feel sick. The orc hits you with a +0 flail! Something hits you.
You are more poisoned.
You closely miss something. Your headbutt misses something.
You feel very sick. The orc hits you but does no damage.
You hear some strange, mumbled words.
You are more confused.
The orc hits you but does no damage. The orc hits you with a +0 flail.
Something hits you. The orc hits you but does no damage.
You closely miss something.
You feel very sick. The orc misses you. The orc barely misses you.
Something hits you.
* * * LOW HITPOINT WARNING * * *
You are lethally poisoned!
You bump into the rock wall.
* * * LOW HITPOINT WARNING * * *
You feel very sick.
The orc hits you but does no damage. x2; Something hits you.
* * * LOW HITPOINT WARNING * * *
You bump into the rock wall.
* * * LOW HITPOINT WARNING * * *
You feel very sick. The orc barely misses you. x2
You hear some strange, mumbled words.
Something tries to affect you, but you resist.
You miss the orc.
The orc is lightly wounded.
* * * LOW HITPOINT WARNING * * *
You feel very sick. The orc barely misses you.
The orc hits you but does no damage. Something hits you but does no damage.
You bump into the rock wall.
* * * LOW HITPOINT WARNING * * *
You feel sick. The orc misses you. The orc barely misses you.
Something hits you.
You die...

...........##
...........#
#..........#
#########.###
#....###
##.#....###
###
##..###....###
#.###..##
###....#
##@o.#.##
####..
#.{o..## ###
#...)..# #
#.....)..#
#.........#
#.........#
#..........#
............#
##..........#


You could see 2 orcs.

Vanquished Creatures
  An orc priest (D:4)
  3 adders
  A worm (D:2)
  A dart slug (D:1)
  3 orcs
  9 bats
  8 endoplasms
  2 giant cockroaches
  5 goblins
  2 hobgoblins (D:1)
  8 jackals
  9 kobolds
  3 quokkas (D:2)
  6 ball pythons
  3 frilled lizards
  6 rats
  A spectral orc (D:3)
71 creatures vanquished.

Notes
Turn   | Place    | Note
-------+----------+-------------------------------------------
     0 | D:1      | BRD the Minotaur Fighter began the quest for the Orb.
     0 | D:1      | Reached XP level 1. HP: 19/19 MP: 0/0
   241 | D:1      | Reached XP level 2. HP: 27/27 MP: 1/1
   600 | D:2      | Reached XP level 3. HP: 33/33 MP: 2/2
   890 | D:2      | Reached XP level 4. HP: 40/40 MP: 3/3
  1487 | D:3      | Found a basalt altar of Yredelemnul.
  1566 | D:3      | Found The Oracle's Delphic Readings.
  1628 | D:3      | Found Ontiveli's Jewellery Emporium.
  2026 | D:4      | Reached XP level 5. HP: 47/47 MP: 4/4
  2038 | D:4      | HP: 1/47 [poisoned by an orc wizard]
  2038 | D:4      | Slain by an orc wizard

Illustrated notes

Levels and vault maps discovered:
D:1:      onia_arrival_mini_spirals, layout_rooms,
          chequers_serial_rivers_micro_d, minmay_hexomino_f4
D:2:      layout_basic
D:3:      layout_loops_ring, yredelemnul_forgotten_temple_becter, serial_shops,
          nicolae_lakefront_shop, nicolae_nh_oracle_at_delphi
D:4:      kennysheep_goblin_castle, layout_cave_pods,
          grunt_temple_overflow_open, ebering_ghost_sewer_d

Skill      XL: |  1  2 |
---------------+-------+-----
Armour         | 4 |  4.6
Fighting       | 4 |  4.6
Shields        | 4 |  4.6
Maces & Flails | 3 |  3.8

Action                     |  1- 3 |  4- 6 || total
---------------------------+-------+-------++-------
  Melee: Flail             |    73 |    60 ||   133
         Headbutt          |     7 |     9 ||    16
 Armour: Scale mail        |    45 |    32 ||    77
  Dodge: Dodged            |    26 |    42 ||    68
  Block: Buckler           |    16 |    15 ||    31

Table legend: (Time is in decaauts)
 A = Elapsed time spent in this place.
 B = Non-inter-level travel time spent in this place.
 C = Inter-level travel time spent in this place.
 D = Time resting spent in this place.
 E = Time spent auto-exploring this place.
 F = Levels seen in this place.
 G = Mean time per level.
                   A        B        C        D        E       F      G
               +--------+--------+--------+--------+--------+-----+--------+
         Total |   2075 |   1955 |    120 |      0 |   1517 |   4 |  518.8 |
       Dungeon |   2075 |   1955 |    120 |      0 |   1517 |   4 |  518.8 |
               +--------+--------+--------+--------+--------+-----+--------+

Top non-repeatable levels by time:
     D:3: 748 daAuts
     D:2: 675 daAuts
     D:1: 563 daAuts
     D:4: 87 daAuts
